 Dungeon Crawl Stone Soup version 0.22-a0-469-gf26638a (webtiles) character file.

33338 Laiders72 the Fighter (level 13, -1/122 HPs)
             Began as a Minotaur Berserker on June 13, 2018.
             Was a High Priest of Trog.
             Slain by a large abomination (26 damage)
             ... on level 2 of the Abyss.
             The game lasted 00:39:25 (14050 turns).

Laiders72 the Fighter (Minotaur Berserker)         Turns: 14050, Time: 00:39:26

Health: -1/122     AC: 29    Str: 23    XL:     13   Next: 36%
Magic:  14/14      EV: 13    Int: 10    God:    Trog [*****.]
Gold:   775        SH:  8    Dex: 13    Spells: 12/12 levels left

rFire    + . .     SeeInvis .   Q - +5 flail (freeze) (curse)
rCold    . . .     Gourm    .   t - +0 buckler
rNeg     . . .     Faith    .   N - +8 plate armour "Garr" {rF+ Int+5}
rPois    .         Spirit   .   (helmet restricted)
rElec    .         Reflect  +   (no cloak)
rCorr    +         Harm     .   g - +0 pair of gloves
MR       +++..                  y - +2 pair of boots
Stlth    ..........             d - +3 amulet of reflection
HPRegen  1.30/turn              v - ring of resist corrosion
MPRegen  0.14/turn              j - ring of protection from magic

@: berserk cooldown, regenerating, slowed, very slow
A: retaliatory headbutt, horns 2
a: Berserk, Trog's Hand, Brothers in Arms, Renounce Religion


You were on level 2 of the Abyss.
You worshipped Trog.
Trog was extremely pleased with you.
You were not hungry.

You visited 1 branch of the dungeon, and saw 14 of its levels.
You visited the Abyss 1 time.

You collected 775 gold pieces.

Inventory:

Hand Weapons
 P - a +5 antimagic flail
 Q - a cursed +5 flail of freezing (weapon)
Missiles
 h - 14 tomahawks (quivered)
Armour
 g - a +0 pair of gloves (worn)
 t - a +0 buckler (worn)
 y - a +2 pair of boots (worn)
 N - the +8 plate armour "Garr" (worn) {rF+ Int+5}
   (You found it on level 10 of the Dungeon)

   It affects your intelligence (+5).
   It protects you from fire.
Jewellery
 d - a +3 amulet of reflection (around neck)
 j - a ring of protection from magic (right hand)
 o - a +3 ring of dexterity
 v - a ring of resist corrosion (left hand)
 x - an uncursed ring of positive energy
 L - an uncursed ring of protection from fire
 O - an uncursed ring of wizardry {unknown}
Wands
 b - a wand of acid (20)
 C - a wand of disintegration (10)
 H - a wand of clouds (7)
 K - a wand of polymorph (9)
 M - a wand of flame (19)
Scrolls
 i - 2 scrolls of magic mapping
 p - a scroll of fear {unknown}
 q - 6 scrolls of remove curse
 s - a scroll of amnesia {unknown}
 w - 2 scrolls of teleportation
 z - 3 scrolls of enchant armour {unknown}
 A - a scroll of blinking {unknown}
 B - 2 scrolls of fog {unknown}
 D - 2 scrolls of vulnerability {unknown}
 E - 5 scrolls of identify
 J - 2 scrolls of enchant weapon {unknown}
Potions
 a - a potion of mutation
 e - 2 potions of flight
 f - a potion of agility
 k - 2 potions of resistance
 l - a potion of cancellation {unknown}
 m - 2 potions of ambrosia {unknown}
 n - 4 potions of might
 r - 4 potions of haste
 u - 2 potions of heal wounds {unknown}
 F - a potion of magic {unknown}
 G - 4 potions of brilliance {unknown}
 I - 8 potions of curing
Comestibles
 c - 17 rations


   Skills:
 + Level 13.5 Fighting
 + Level 13.5 Maces & Flails
 + Level 13.3 Armour
 + Level 12.3 Dodging
 - Level 4.0 Shields
 + Level 3.1 Evocations


You had 12 spell levels left.
You didn't know any spells.
Your spell library was empty.

Dungeon Overview and Level Annotations

Branches:
Dungeon (14/15)            Temple (0/1) D:7            Lair (0/6) D:10
    Orc (0/2) D:9
 Vaults: D:13-14

Altars:
Ashenzari
Cheibriados
Elyvilon
Kikubaaqudgha
Nemelex Xobeh
Qazlal
Ru
Wu Jian
Yredelemnul
The Shining One

Shops:
D:8 =   D:11 (

Annotations:
D:14 Louise


Innate Abilities, Weirdness & Mutations

You reflexively headbutt those who attack you in melee.
You have a pair of horns on your head.


Message History

A chorus of shrieks assaults your mind.
* * * LOW HITPOINT WARNING * * *
You hit the starcursed mass. You freeze the starcursed mass.
The starcursed mass is moderately damaged.
The starcursed mass shudders and is absorbed by its neighbour.
You block the large abomination's attack.
The starcursed mass engulfs you but does no damage.
The starcursed mass engulfs you but does no damage.
The large abomination hits you but does no damage.
The starcursed mass shrieks in your mind.
* * * LOW HITPOINT WARNING * * *
You hit the starcursed mass but do no damage.
The starcursed mass is lightly damaged.
You feel the effects of Trog's Hand fading.
The large abomination hits you but does no damage.
The starcursed mass engulfs you but does no damage.
You hit the starcursed mass. You freeze the starcursed mass.
The starcursed mass is moderately damaged.
The large abomination hits you!!
You die...

#X. .# . #
..... # #.##
##......#
#.#.#.
.#....##.
####..# ..
#... #
#.....#..# #
##
###.#...#.
..#.# .
#...X###X##
. X# ##
####..@.#..#
#. #X..
#.(.##X..#
... ##.# ##
#####.#.##
#.. # .#
##.#.# #...
# # ## ##
####.#. .. .
.#.# ..


You could see a starcursed mass and a large abomination.

Vanquished Creatures
  Rupert (D:12)
  The ghost of Zorot the Fighter, a journeyman DsCK of Xom (D:10)
  3 centaur warriors
  4 two-headed ogres
  A tengu warrior (D:11)
  4 unseen horrors
  A glowing orange brain (Abyss:2)
  Pikel (D:9)
  An orc knight (D:12)
  The ghost of zkyp the Cleaver, a novice FoWn of Okawaru (D:6)
  14 ugly things
  3 manticores
  A gargoyle (D:10)
  Psyche (D:12)
  A centaur skeleton (D:11)
  2 komodo dragons
  3 trolls
  2 hornets
  4 flying skulls (Abyss:2)
  4 hippogriffs
  4 wyverns
  A human (D:4)
  A wraith (D:13)
  4 vampire mosquitoes (D:14)
  A basilisk (D:14)
  2 hungry ghosts
  A two-headed ogre zombie (D:9)
  12 yaks
  The ghost of MothsLongingForFire the Shield-Bearer, an amateur GrFi (D:3)
  An acid dragon (D:13)
  A soldier ant (D:13)
  5 orc warriors
  6 sky beasts
  An eye of draining (D:13)
  5 phantoms
  An ice beast (D:13)
  5 ogres
  3 necrophages
  7 centaurs
  3 crocodiles
  2 big kobolds
  5 bullfrogs
  A gnoll sergeant (D:7)
  7 scorpions
  A wyvern skeleton (D:11)
  2 troll zombies (D:9)
  18 killer bees
  9 wights
  2 howler monkeys
  2 bullfrog zombies
  8 crimson imps
  2 starcursed masses (Abyss:2)
  A bullfrog skeleton (D:5)
  8 orc priests
  8 hounds
  4 jellies
  7 orc wizards
  Natasha (twice) (D:3)
  10 worker ants
  3 iguanas
  5 ogre zombies (D:9)
  A hound zombie (D:7)
  3 gnolls (D:7)
  11 adders
  2 shadow imps
  8 oozes (D:4)
  2 adder zombies (D:9)
  4 worms
  4 dart slugs
  6 leopard geckos
  30 orcs
  6 giant cockroaches
  7 goblins
  3 hobgoblins (D:1)
  11 jackals
  3 quokkas
  14 bats
  7 frilled lizards
  3 goblin skeletons
  4 goblin zombies (D:9)
  A hobgoblin skeleton (D:9)
  2 hobgoblin zombies (D:9)
  18 kobolds
  4 orc skeletons (D:9)
  11 orc zombies (D:9)
  A quokka skeleton (D:8)
  3 rats
  4 fungi (D:5)
398 creatures vanquished.

Vanquished Creatures (collateral kills)
  Snorg (D:10)
  Sonja (D:13)
  An ogre (D:8)
  2 killer bees (D:8)
  A plant (D:10)
6 creatures vanquished.

Vanquished Creatures (others)
  2 slaves (D:9)
  A kobold (D:11)
  An orc zombie (D:9)
  A lurking horror (Abyss:2)
  A plant (D:10)
  6 toadstools (D:4)
12 creatures vanquished.

Grand Total: 416 creatures vanquished

Notes
Turn   | Place    | Note
-------+----------+-------------------------------------------
     0 | D:1      | Laiders72 the Minotaur Berserker began the quest for the Orb.
     0 | D:1      | Reached XP level 1. HP: 19/19 MP: 0/0
   444 | D:1      | Reached XP level 2. HP: 26/27 MP: 1/1
   846 | D:1      | Reached XP level 3. HP: 33/33 MP: 2/2
  1154 | D:2      | Noticed an orc warrior
  1162 | D:2      | Killed an orc warrior
  1162 | D:2      | Reached XP level 4. HP: 6/41 MP: 3/3
  1162 | D:2      | Reached XP level 5. HP: 7/47 MP: 4/4
  1545 | D:2      | Found a white marble altar of Elyvilon.
  1547 | D:2      | Found a shattered altar of Ashenzari.
  1586 | D:2      | Reached ** piety under Trog
  1962 | D:2      | Found an ornate altar of the Wu Jian Council.
  2317 | D:3      | Noticed MothsLongingForFire's ghost (amateur GrFi)
  2330 | D:3      | Killed MothsLongingForFire's ghost
  2330 | D:3      | Reached skill level 5 in Fighting
  2330 | D:3      | Reached skill level 5 in Maces & Flails
  2330 | D:3      | Reached skill level 1 in Shields
  2330 | D:3      | Reached XP level 6. HP: 56/56 MP: 5/5
  2380 | D:3      | Found a faded altar of an unknown god.
  2629 | D:3      | Found an ancient bone altar of Kikubaaqudgha.
  2629 | D:3      | Noticed Natasha
  2639 | D:3      | Killed Natasha
  3030 | D:3      | Noticed Natasha
  3033 | D:3      | Killed Natasha
  3244 | D:4      | Found a runed door.
  3244 | D:4      | Noticed a human
  3249 | D:4      | Found a basalt altar of Yredelemnul.
  3254 | D:4      | Found a snail-covered altar of Cheibriados.
  3293 | D:4      | Killed a human
  3293 | D:4      | Reached XP level 7. HP: 61/61 MP: 6/6
  3333 | D:4      | Got a pair of spiked gloves
  3334 | D:4      | Identified the cursed +0 pair of gloves "Veugom" {rElec rC- Int+2} (You found it on level 4 of the Dungeon)
  3653 | D:4      | Found a glowing golden altar of the Shining One.
  3943 | D:4      | Reached skill level 5 in Armour
  4008 | D:4      | Reached *** piety under Trog
  4187 | D:5      | Entered Level 5 of the Dungeon
  4244 | D:5      | Found a stormy altar of Qazlal.
  4347 | D:5      | Found the +7 Singing Sword
  4478 | D:5      | Reached skill level 5 in Dodging
  4640 | D:5      | Reached XP level 8. HP: 71/71 MP: 7/7
  4998 | D:6      | Noticed zkyp's ghost (novice FoWn)
  5006 | D:6      | Killed zkyp's ghost
  5180 | D:6      | Reached XP level 9. HP: 51/79 MP: 8/8
  6011 | D:7      | Reached **** piety under Trog
  6013 | D:7      | Found a staircase to the Ecumenical Temple.
  6378 | D:8      | Noticed a two-headed ogre
  6463 | D:7      | Killed a two-headed ogre
  6877 | D:8      | Reached XP level 10. HP: 83/91 MP: 9/9
  7175 | D:8      | Received a gift from Trog
  7377 | D:8      | Found Qeatapt's Jewellery Emporium.
  7690 | D:9      | Noticed Pikel
  7710 | D:9      | Killed Pikel
  7710 | D:9      | Reached skill level 10 in Maces & Flails
  7999 | D:9      | Reached skill level 10 in Fighting
  8029 | D:9      | Found a staircase to the Orcish Mines.
  8056 | D:9      | Reached ***** piety under Trog
  8378 | D:9      | Found a sacrificial altar of Ru.
  8800 | D:10     | Entered Level 10 of the Dungeon
  8807 | D:10     | Reached skill level 10 in Armour
  8824 | D:10     | Noticed Zorot's ghost (journeyman DsCK)
  9106 | D:10     | Killed Zorot's ghost
  9106 | D:10     | Reached XP level 11. HP: 101/101 MP: 10/10
  9177 | D:10     | Noticed Snorg
  9192 | D:10     | Killed Snorg
  9197 | D:10     | Found a staircase to the Lair.
  9404 | D:10     | Got a spiked plate armour
  9405 | D:10     | Identified the +8 plate armour "Garr" {rF+ Int+5} (You found it on level 10 of the Dungeon)
  9812 | D:11     | Killed an unseen horror
  9946 | D:11     | Reached skill level 10 in Dodging
 10075 | D:11     | Killed an unseen horror
 10395 | D:11     | Found Vosush's Antique Weapon Emporium.
 10781 | D:11     | Noticed a tengu warrior
 10790 | D:11     | Killed a tengu warrior
 10911 | D:12     | Noticed Psyche
 10922 | D:12     | Killed Psyche
 11060 | D:12     | Noticed an orc knight
 11103 | D:12     | Killed an orc knight
 11157 | D:12     | Noticed Rupert
 11167 | D:12     | Killed Rupert
 11167 | D:12     | Reached XP level 12. HP: 112/112 MP: 11/11
 11992 | D:13     | Noticed a two-headed ogre
 11995 | D:13     | Noticed a centaur warrior
 12028 | D:13     | Killed a centaur warrior
 12035 | D:13     | Killed a two-headed ogre
 12168 | D:13     | Noticed a centaur warrior
 12185 | D:13     | Killed a centaur warrior
 12241 | D:13     | Noticed Sonja
 12248 | D:13     | Killed Sonja
 12379 | D:13     | Received a gift from Trog
 12903 | D:14     | Noticed a two-headed ogre
 12904 | D:14     | Paralysed by a hornet for 1 turns
 12914 | D:14     | Killed a two-headed ogre
 12969 | D:14     | Reached skill level 1 in Evocations
 13050 | D:14     | Noticed a two-headed ogre
 13059 | D:14     | Killed a two-headed ogre
 13127 | D:14     | Reached XP level 13. HP: 104/122 MP: 10/13
 13576 | D:14     | Found a sparkling altar of Nemelex Xobeh.
 13684 | D:14     | Noticed Louise
 13705 | D:14     | Cast into level 2 of the Abyss (Louise)
 13962 | Abyss:2  | Noticed a balrug
 14006 | Abyss:2  | Noticed a starcursed mass
 14017 | Abyss:2  | Paralysed by accursed screaming for 1 turns
 14050 | Abyss:2  | Slain by a large abomination

Vault maps used:
D:1:      lightli_arrival_statue_moat
D:2:      minmay_diamond_boxcup, lemuel_coloured_pillars_altar,
          nicolae_overflow_hidden_temple
D:3:      old_standard_altar, first_ration, chequers_ecumenical_altar_island,
          uniq_grinder, uniq_natasha
D:4:      cheibrodos_fertilizer, lemuel_crystal_altar, tso_altar,
          kennysheep_nondescript, minivault_23, dk_yredelemnul_ordeal
D:5:      old_forge, lemuel_doored_altar
D:7:      minmay_temple_entry_glass
D:8:      serial_shops, nicolae_shop_stone
D:9:      kennysheep_mini_moat, zombieorc2_lemuel, serial_column_ruins,
          column_ruins_hut_pillars, column_ruins_hut_water,
          column_ruins_columns_straight, column_ruins_columns_T,
          column_ruins_corridor_dead_end, column_ruins_grid_1, uniq_pikel
D:10:     david_lair_shrubbed, uniq_snorg
D:11:     serial_shops, shop_fountains, grunt_tengu_nest,
          minmay_misc_feat_square
D:12:     uniq_rupert, uniq_psyche
D:13:     corexii_checkpoint_a, uniq_sonja
D:14:     grunt_vaults_entry_tiered, lemuel_statue_altar, uniq_louise,
          uniq_roxanne, uniq_frances

Skill      XL: |  1  2  3  4  5  6  7  8  9 10 11 12 13 |
---------------+----------------------------------------+-----
Fighting       | 4 5 6 7 9 10 12 13 | 13.5
Maces & Flails | 4 5 6 7 9 10 12 13 | 13.5
Armour         | 3 4 5 7 8 10 11 12 13 | 13.3
Dodging        | 3 4 5 6 8 9 10 12 | 12.3
Shields        | 1 2 3 4 |  4.0
Evocations     | 1 3 |  3.1

Action                   |  1- 3 |  4- 6 |  7- 9 | 10-12 | 13-15 || total
-------------------------+-------+-------+-------+-------+-------++-------
Melee: Mace              |    67 |    74 |       |       |       ||   141
       Headbutt          |     9 |    15 |    47 |   179 |    37 ||   287
       Flail             |       |     9 |   158 |   744 |   154 ||  1065
       Double sword      |       |       |   101 |       |       ||   101
Invok: Berserk           |     2 |     1 |     2 |     6 |     2 ||    13
       Trog's Hand       |       |       |     2 |     8 |     1 ||    11
       Brothers in Arms  |       |       |       |     5 |       ||     5
  Use: Scroll            |       |     4 |    11 |     2 |     1 ||    18
       Potion            |       |       |       |       |     1 ||     1
  Eat: Chunk             |     2 |     5 |    10 |    26 |     2 ||    45
       Ration            |       |     1 |     1 |     2 |     1 ||     5
Armor: Animal skin       |    10 |       |       |       |       ||    10
       Leather armour    |    13 |       |       |       |       ||    13
       Plate armour      |       |    38 |   147 |   633 |    77 ||   895
Dodge: Dodged            |    59 |    31 |   118 |   391 |    53 ||   652
Block: Buckler           |       |    13 |   103 |   331 |    46 ||   493
       Other             |       |     1 |       |       |       ||     1
       Reflection        |       |     2 |     1 |     9 |     1 ||    13
       Rpst.: Double sword |       |       |    11 |       |       ||    11

Table legend:
 A = Spawn XP
 B = Non-spawn XP
 C = Spawn XP percentage of total XP
 D = Spawn monster count
 E = Non-spawn monster count
 F = Spawn count percentage of total count
 G = Total turns spent on level
                    A         B        C        D         E        F      G
               +---------+---------+-------+---------+---------+-------+---------
         Total |    1663 |   45963 |   3.5 |       5 |     394 |   1.3 | 14050
               +---------+---------+-------+---------+---------+-------+---------
           D:1 |       0 |      43 |   0.0 |       0 |      25 |   0.0 |   995
           D:2 |       0 |     217 |   0.0 |       0 |      24 |   0.0 |  1253
           D:3 |       0 |     360 |   0.0 |       0 |      19 |   0.0 |   951
           D:4 |       0 |     395 |   0.0 |       0 |      25 |   0.0 |   988
           D:5 |       0 |     439 |   0.0 |       0 |      15 |   0.0 |   621
           D:6 |       0 |    1622 |   0.0 |       0 |      17 |   0.0 |  1033
           D:7 |       0 |    2054 |   0.0 |       0 |      34 |   0.0 |   666
           D:8 |       0 |    1828 |   0.0 |       0 |      30 |   0.0 |  1076
           D:9 |       0 |    2644 |   0.0 |       0 |      52 |   0.0 |  1482
          D:10 |       0 |    3785 |   0.0 |       0 |      13 |   0.0 |   710
          D:11 |       0 |    5591 |   0.0 |       0 |      36 |   0.0 |  1136
          D:12 |       0 |    6871 |   0.0 |       0 |      29 |   0.0 |  1081
          D:13 |       0 |    8064 |   0.0 |       0 |      38 |   0.0 |   911
          D:14 |       0 |   11958 |   0.0 |       0 |      35 |   0.0 |   802
       Abyss:2 |    1663 |      92 |  94.8 |       5 |       2 |  71.4 |   345
               +---------+---------+-------+---------+---------+-------+---------
